 Dungeon Crawl Stone Soup version 0.27.1-1-g398f81649c (webtiles) character file.

Game seed: 13915206598840120734

41 pokedragonboy the Insei (level 3, -1/23 HPs)
             Began as an Octopode Transmuter on Sept 12, 2021.
             Slain by a worm (11 damage)
             ... on level 2 of the Dungeon.
             The game lasted 00:04:15 (1775 turns).

pokedragonboy the Insei (Octopode Transmuter)       Turns: 1775, Time: 00:04:16

Health: -1/23      AC:  1    Str: 10    XL:     3   Next: 52%
Magic:  6/6        EV: 13    Int: 15    God:
Gold:   53         SH:  0    Dex: 12    Spells: 5/6 levels left

rFire    . . .     SeeInvis .   b - +0 dagger
rCold    . . .     Faith    .   (no shield)
rNeg     . . .     Spirit   .   (helmet restricted)
rPois    .         Reflect  .   (no amulet)
rElec    .         Harm     .   (no ring)
rCorr    .         Rampage  .   (no ring)
Will     .....                  (no ring)
Stlth    +++.......             (no ring)
HPRegen  0.07/turn              (no ring)
MPRegen  0.10/turn              (no ring)
                                (no ring)
                                (no ring)

@: no status effects
A: almost no armour, amphibious, 8 rings, camouflage 1, gelatinous body 1,
(nimble swimmer 1), tentacles
a: no special abilities


You were on level 2 of the Dungeon.
You visited 1 branch of the dungeon, and saw 2 of its levels.

You collected 53 gold pieces.

Inventory:

Hand Weapons
 b - a +0 dagger (weapon)
 e - a +1 falchion of freezing
Scrolls
 d - a scroll of enchant armour {unknown}
Potions
 a - 5 potions of heal wounds {unknown}
 c - a potion of curing {unknown}


   Skills:
 + Level 1.5 Fighting
 - Level 2.0 Dodging
 + Level 1.6 Stealth
 + Level 3.2 Unarmed Combat
 + Level 2.2 Spellcasting
 * Level 2.7 Transmutations


You had 5 spell levels left.
You knew the following spells:

 Your Spells              Type           Power      Damage    Failure   Level
a - Beastly Appendage     Tmut           18%        N/A       7%          1

Your spell library contained the following spells:

 Spells                   Type           Power      Damage    Failure   Level
 Wereblood                Tmut           9%         N/A       11%         2
 Spider Form              Tmut/Pois      2%         N/A       36%         3
 Ignite Poison            Fire/Tmut/Pois 4%         N/A       41%         3
 Conjure Flame            Conj/Fire      1%         6-21      54%         3
 Ice Form                 Ice/Tmut       5%         N/A       77%         4
 Sticky Flame             Conj/Fire      1%         2d3       91%         4


Dungeon Overview and Level Annotations

Branches:
Dungeon (2/15)

Altars:

Shops:
D:1 *


Innate Abilities, Weirdness & Mutations

You cannot wear most types of armour.
You are amphibious.
You can wear up to eight rings at the same time.
Your skin changes colour to match your surroundings (Stealth+).
Your rubbery body absorbs attacks. (AC +1, EV +1)
((You are camouflaged near water. (Stealth+)))
You have tentacles for arms and can constrict up to eight enemies at once.


Message History

A ball python comes into view.
Casting: Beastly Appendage (safe; 8% risk of failure)
Confirm with . or Enter, or press ? or * to list all spells.
One of your tentacles grows a vicious spike.
An adder comes into view.
Your transformation is almost over.
A worm comes into view.
The helpless ball python fails to defend itself.
You puncture the ball python!
You kill the ball python!
The adder hisses angrily.
You closely miss the adder. You grab the adder. You constrict the adder.
The adder barely misses you.
You hit the adder but do no damage.
You pierce the adder, but do no damage.
The adder is lightly wounded.
You constrict the adder. The adder closely misses you.
You hit the adder but do no damage.
The adder is lightly wounded.
You constrict the adder. The adder closely misses you.
You hit the adder but do no damage.
The adder is moderately wounded.
Your tentacle spike disappears.
You constrict the adder. The adder bites you. x2
You barely miss the adder.
The adder is heavily wounded.
You constrict the adder. The adder barely misses you.
You hit the adder.
The adder is almost dead.
You constrict the adder.
You kill the adder!
You hit the worm. Your grab misses the worm. Your squeeze misses the worm.
The worm is lightly wounded.
The worm bites you!
You completely miss the worm. You grab the worm.
The worm is lightly wounded.
You constrict the worm. You hit the worm.
The worm is moderately wounded.
You constrict the worm. The worm bites you!
You die...

########### ..........#
..........# ..........#
######### ..........#
#........
..........######.#######
......w@.......#.#<..###
......†..).....'........
...............#.###.###
...............#.#
..........######.#
########### #.# #.. ###


You could see a worm.

Vanquished Creatures
  2 adders (D:2)
  An endoplasm (D:1)
  2 giant cockroaches (D:1)
  4 goblins (D:1)
  2 hobgoblins (D:1)
  A quokka (D:1)
  2 ball pythons
  4 bats
  A frilled lizard (D:1)
  A kobold (D:1)
  2 rats (D:1)
22 creatures vanquished.

Notes
Turn   | Place    | Note
-------+----------+-------------------------------------------
     0 | D:1      | pokedragonboy the Octopode Transmuter began the quest for
                  | the Orb.
     0 | D:1      | Reached XP level 1. HP: 13/13 MP: 3/3
   306 | D:1      | Found Tonifuez's General Store.
   340 | D:1      | Reached XP level 2. HP: 10/18 MP: 3/5
   725 | D:1      | Reached skill level 1 in Stealth
  1414 | D:2      | Reached XP level 3. HP: 4/23 MP: 6/6
  1417 | D:2      | HP: 1/23 [poisoned by an adder]
  1775 | D:2      | Slain by a worm

Illustrated notes

Levels and vault maps discovered:
D:1:      dpeg_arrival_court, layout_loops_ring, serial_shops,
          nicolae_shop_crystal, serial_aquarium, aquarium_bridge_island_small
          [aquarium_subvault_small_open, aquarium_subvault_window,
          aquarium_subvault_window, aquarium_subvault_wall,
          aquarium_subvault_bridge], aquarium_bridge_square
          [aquarium_subvault_bridge, aquarium_subvault_bridge,
          aquarium_subvault_window, aquarium_subvault_window],
          aquarium_window_2, aquarium_window_fake, aquarium_window_corridor_3,
          aquarium_view_2a, aquarium_balcony_5b
D:2:      layout_basic, serial_shops, shop

Skill      XL: |  1  2 |
---------------+-------+-----
Stealth        | 1 |  1.6
Fighting       | |  1.5
Dodging        | |  2.0
Unarmed Combat | |  3.2
Spellcasting   | |  2.2
Transmutations | |  2.7

Action                   || total
-------------------------++-------
Melee: Unarmed           ||    22
       Constrict         ||    16
       Kick              ||     8
       Tentacles         ||    10
       Dagger            ||    35
 Cast: Beastly Appendage ||    18
 Stab: Sleeping          ||     5
Armor: Skin              ||     7
Dodge: Dodged            ||    31
